 Dungeon Crawl Stone Soup version 0.29.1-12-g30fa7ad0bf (webtiles) character file.

Game seed: 10993120016162073222

1148 wormed the Caller (level 8, -2/58 HPs)
             Began as a Gnoll Summoner on Dec 26, 2022.
             Was a Follower of Sif Muna.
             Engulfed by a cloud of freezing vapour (26 damage)
             ... on level 5 of the Dungeon.
             The game lasted 00:15:01 (6916 turns).

wormed the Caller (Gnoll Summoner)                  Turns: 6916, Time: 00:15:02

Health: -2/58      AC:  5    Str:  9    XL:     8   Next: 38%
Magic:  17/17      EV: 29    Int: 16    God:    Sif Muna [*.....]
Gold:   344        SH:  0    Dex: 12    Spells: 8/19 levels left

rFire   . . .      SeeInvis .   s - +1 trident (protect)
rCold   . . .      Faith    .   (no shield)
rNeg    . . .      Spirit   .   a - +0 robe
rPois   .          Reflect  .   n - +0 helmet
rElec   .          Harm     .   o - +0 cloak
rCorr   .          Rampage  .   (no gloves)
Will    .....                   q - +0 pair of boots
Stlth   +++.......              i - amulet of the acrobat
HPRegen 0.19/turn               (no ring)
MPRegen 0.15/turn               (no ring)

@: acrobatic
A: fangs 1, strong nose, distributed training
a: Renounce Religion, Channel Magic


You were on level 5 of the Dungeon.
You worshipped Sif Muna.
Sif Muna was aware of your devotion.
You visited 1 branch of the dungeon, and saw 5 of its levels.

You collected 344 gold pieces.

Inventory:

Hand Weapons
 s - a +1 trident of protection (weapon)
Armour
 a - a +0 robe (worn)
 n - a +0 helmet (worn)
 o - a +0 cloak (worn)
 q - a +0 pair of boots (worn)
Magical Staves
 v - a staff of death
Jewellery
 i - an amulet of the acrobat (around neck)
Wands
 A - a wand of roots (7)
 B - a wand of polymorph (12)
Scrolls
 c - 2 scrolls of amnesia {unknown}
 d - 3 scrolls of enchant armour {unknown}
 e - a scroll of brand weapon {unknown}
 g - 6 scrolls of identify {unknown}
 j - 3 scrolls of teleportation {unknown}
 k - 2 scrolls of immolation {unknown}
 l - a scroll of summoning {unknown}
 m - a scroll of fear {unknown}
 p - a scroll of poison {unknown}
 t - a scroll of silence {unknown}
 y - a scroll of noise {unknown}
Potions
 b - a potion of magic
 f - 2 potions of ambrosia {unknown}
 h - 2 potions of lignification {unknown}
 r - a potion of might {unknown}
 u - a potion of heal wounds {unknown}
 w - a potion of degeneration {unknown}
 x - 2 potions of curing {unknown}
 z - a potion of attraction {unknown}


   Skills:
 + Level 3.3 Fighting
 + Level 3.3 Short Blades
 + Level 3.3 Long Blades
 + Level 3.3 Axes
 + Level 3.3 Maces & Flails
 + Level 3.3 Polearms
 + Level 3.3 Staves
 + Level 3.3 Ranged Weapons
 + Level 3.3 Throwing
 + Level 3.3 Armour
 + Level 5.7 Dodging
 + Level 5.4 Stealth
 + Level 3.3 Shields
 + Level 3.3 Unarmed Combat
 + Level 6.1 Spellcasting
 + Level 2.7 Conjurations
 + Level 2.7 Hexes
 + Level 7.7 Summonings
 + Level 2.7 Necromancy
 + Level 2.7 Translocations
 + Level 2.7 Transmutations
 + Level 2.7 Fire Magic
 + Level 2.7 Ice Magic
 + Level 2.7 Air Magic
 + Level 2.7 Earth Magic
 + Level 2.7 Poison Magic
 + Level 3.7 Invocations
 + Level 3.3 Evocations


You had 8 spell levels left.
You knew the following spells:

 Your Spells              Type           Power      Damage    Failure   Level
a - Summon Small Mammal   Summ           100%       N/A       1%          1
b - Call Canine Familiar  Summ           29%        N/A       1%          3
c - Summon Guardian Gole  Hex/Summ       21%        N/A       4%          3
d - Summon Lightning Spi  Summ/Air       21%        N/A       16%         4

Your spell library contained the following spells:

 Spells                   Type           Power      Damage    Failure   Level
 Call Imp                 Summ           29%        N/A       1%          2
 Sublimation of Blood     Necr           13%        N/A       7%          2
 Wereblood                Tmut           13%        N/A       7%          2
 Portal Projectile        Hex/Tloc       26%        N/A       13%         3
 Tukima's Dance           Hex            13%        N/A       13%         3
 Blade Hands              Tmut           6%         N/A       77%         5
 Summon Hydra             Summ           14%        N/A       99%         7
 Orb of Destruction       Conj           6%         9d6       100%        7
 Spellforged Servitor     Conj/Summ      10%        N/A       100%        7


Dungeon Overview and Level Annotations

Branches:
Dungeon (5/15)             Temple (0/1) D:4

Altars:
Fedhas
Ru
Sif Muna
Uskayaw


Innate Abilities, Weirdness & Mutations

You have very sharp teeth.
Your uncanny sense of smell can sniff out nearby items.
Your experience applies equally to all skills.


Message History

You barely miss the iguana. You bite the iguana, but do no damage.
The iguana is almost dead.
Your hound bites the iguana.
The iguana bites your hound.
You hit the iguana.
You kill the iguana!
Sif Muna accepts your kill.
You swap places.
Magic restored.
Your hound looks up at you expectantly.
You swap places.
Key pressed, stopping explore.
Your hound disappears in a puff of smoke!
There is a stone staircase leading up here.
There is an open door here.
Partly explored, can't reach some items.
Partly explored, can't reach some items.
Partly explored, can't reach some items.
Partly explored, can't reach some items.
You see here a +0 kite shield.
Search for what [Enter for "."]? .
Sorry, I don't know how to get there.
You open the door.
There is an open door here.
Really walk into a travel-excluded area? [Y]es or [N]o only, please.
Really walk into a travel-excluded area? [Y]es or [N]o only, please.
Really walk into a travel-excluded area?
Okay, then.
Really walk into that cloud of freezing vapour?
Okay, then.
Really walk into a travel-excluded area?
Okay, then.
Really walk into a travel-excluded area? [Y]es or [N]o only, please.
Really walk into a travel-excluded area?
You are engulfed in freezing vapours.
You are engulfed in freezing vapours.
You are engulfed in freezing vapours.
You die...

# #........# #.......# ###
#........# #.......# ..#
#.......[###.......# ..##
#.....)............# ...###
#..................# #
.....#######..................# #
.###..........................###
'##################..............
.☼○○°....§§§§§§§@.##...##........
#################§####.##........
=[??.....§§.......#..............
###################.##########...
....###...........#.# #... ###.#
#.#########.#.############# ....#
#.#.......#.#...........# # #...#
#.#..####.#.#...........#
#...###.#.....#.#.#...........#


There were no monsters in sight!

Vanquished Creatures
  An iguana (D:5)
  A gnoll (D:3)
  4 adders
  An orc (D:5)
  A quokka (D:1)
8 creatures vanquished.

Vanquished Creatures (collateral kills)
  A black bear (D:5)
  An ice beast (D:5)
  An ogre (D:4)
  A centaur (D:5)
  A necrophage (D:5)
  A gnoll sergeant (D:3)
  2 scorpions (D:5)
  2 hounds
  An orc priest (D:4)
  4 iguanas
  An orc wizard (D:3)
  3 gnolls (D:3)
  14 adders
  An ufetubus (D:4)
  A worm (D:4)
  2 dart slugs
  10 orcs
  5 endoplasms
  7 giant cockroaches
  6 goblins
  5 hobgoblins
  3 jackals (D:3)
  4 quokkas
  11 ball pythons
  6 bats
  9 frilled lizards
  4 kobolds
  11 rats
118 creatures vanquished.

Vanquished Creatures (others)
  An orc wizard (D:3)
  A fungus (D:2)
  6 plants (D:2)
8 creatures vanquished.

Grand Total: 134 creatures vanquished

Notes
Turn   | Place    | Note
-------+----------+-------------------------------------------
     0 | D:1      | wormed the Gnoll Summoner began the quest for the Orb.
     0 | D:1      | Reached XP level 1. HP: 13/13 MP: 6/6
   686 | D:1      | Reached XP level 2. HP: 19/19 MP: 4/7
  1377 | D:1      | Reached skill level 5 in Spellcasting
  1377 | D:1      | Reached XP level 3. HP: 25/25 MP: 5/9
  1381 | D:1      | Learned a level 3 spell: Call Canine Familiar
  1385 | D:1      | Learned a level 3 spell: Summon Guardian Golem
  1681 | D:2      | Reached skill level 1 in Invocations
  1754 | D:2      | Found a faded altar of an unknown god.
  1773 | D:2      | Reached skill level 1 in Fighting
  1773 | D:2      | Reached skill level 1 in Short Blades
  1773 | D:2      | Reached skill level 1 in Long Blades
  1773 | D:2      | Reached skill level 1 in Axes
  1773 | D:2      | Reached skill level 1 in Maces & Flails
  1773 | D:2      | Reached skill level 1 in Polearms
  1773 | D:2      | Reached skill level 1 in Staves
  1773 | D:2      | Reached skill level 1 in Ranged Weapons
  1773 | D:2      | Reached skill level 1 in Throwing
  1773 | D:2      | Reached skill level 1 in Armour
  1773 | D:2      | Reached skill level 1 in Shields
  1773 | D:2      | Reached skill level 1 in Unarmed Combat
  1773 | D:2      | Reached skill level 1 in Evocations
  1952 | D:2      | Reached XP level 4. HP: 32/32 MP: 11/11
  2438 | D:2      | Reached skill level 1 in Conjurations
  2438 | D:2      | Reached skill level 1 in Hexes
  2438 | D:2      | Reached skill level 1 in Necromancy
  2438 | D:2      | Reached skill level 1 in Translocations
  2438 | D:2      | Reached skill level 1 in Transmutations
  2438 | D:2      | Reached skill level 1 in Fire Magic
  2438 | D:2      | Reached skill level 1 in Ice Magic
  2438 | D:2      | Reached skill level 1 in Air Magic
  2438 | D:2      | Reached skill level 1 in Earth Magic
  2438 | D:2      | Reached skill level 1 in Poison Magic
  2935 | D:2      | Learned a level 4 spell: Summon Lightning Spire
  2996 | D:3      | Reached XP level 5. HP: 24/37 MP: 5/12
  3794 | D:3      | Found a shimmering blue altar of Sif Muna.
  3794 | D:3      | Found a blossoming altar of Fedhas.
  3811 | D:3      | Became a worshipper of Sif Muna the Loreminder
  3933 | D:3      | Reached XP level 6. HP: 44/44 MP: 10/13
  4314 | D:3      | Reached skill level 5 in Dodging
  4357 | D:3      | Found the +3 woodcutter's axe {vorpal}
  4703 | D:3      | Reached XP level 7. HP: 30/51 MP: 1/15
  4955 | D:4      | Found a staircase to the Ecumenical Temple.
  5107 | D:4      | Found a hide-covered altar of Uskayaw.
  5218 | D:4      | Reached * piety under Sif Muna
  5293 | D:4      | Found a sacrificial altar of Ru.
  5633 | D:4      | Reached skill level 5 in Stealth
  5758 | D:5      | Entered Level 5 of the Dungeon
  6013 | D:5      | Reached XP level 8. HP: 58/58 MP: 8/16
  6916 | D:5      | Engulfed by a cloud of freezing vapour

Illustrated notes

Levels and vault maps discovered:
D:1:      heliophobic_arrival_glass_houses, layout_rooms
D:2:      layout_basic, serial_rivers, chequers_serial_rivers_small_3,
          chequers_serial_rivers_small_a, chequers_serial_rivers_micro_e,
          chequers_serial_rivers_room_a,
          shapermc_ecumenical_altar_mp_urbaneastern
D:3:      layout_rooms, nicolae_overflow_two_pavilions,
          hangedman_abyss_or_decor_stabs, roderic_lattice_a,
          pf_guarded_unrand_woodcutter
D:4:      layout_rooms, mainiacjoe_overflow_concentric_impassable,
          amcnicky_altar_gilded, minmay_temple_entry_trees, minmay_snake_closets
D:5:      lemuel_ice_spiral_2, layout_basic

Skill      XL: |  1  2  3  4  5  6  7  8 |
---------------+-------------------------+-----
Spellcasting   | 5 6 |  6.1
Invocations    | 1 2 3 |  3.7
Fighting       | 1 2 3 |  3.3
Short Blades   | 1 2 3 |  3.3
Long Blades    | 1 2 3 |  3.3
Axes           | 1 2 3 |  3.3
Maces & Flails | 1 2 3 |  3.3
Polearms       | 1 2 3 |  3.3
Staves         | 1 2 3 |  3.3
Ranged Weapons | 1 2 3 |  3.3
Throwing       | 1 2 3 |  3.3
Armour         | 1 2 3 |  3.3
Shields        | 1 2 3 |  3.3
Unarmed Combat | 1 2 3 |  3.3
Evocations     | 1 2 3 |  3.3
Conjurations   | 1 2 |  2.7
Hexes          | 1 2 |  2.7
Necromancy     | 1 2 |  2.7
Translocations | 1 2 |  2.7
Transmutations | 1 2 |  2.7
Fire Magic     | 1 2 |  2.7
Ice Magic      | 1 2 |  2.7
Air Magic      | 1 2 |  2.7
Earth Magic    | 1 2 |  2.7
Poison Magic   | 1 2 |  2.7
Dodging        | 5 |  5.7
Stealth        | 5 |  5.4
Summonings     | |  7.7

Action                   |  1- 3 |  4- 6 |  7- 9 || total
-------------------------+-------+-------+-------++-------
Melee: Unarmed           |    16 |     6 |       ||    22
       Bite              |     2 |       |     4 ||     6
       Spear             |       |     4 |       ||     4
       Trident           |       |       |    41 ||    41
 Cast: Summon Small Mamm |    35 |    21 |    17 ||    73
       Call Canine Famil |     4 |    28 |    19 ||    51
       Summon Lightning  |       |       |     5 ||     5
 Stab: Distracted        |       |       |     1 ||     1
Armor: Robe              |     9 |    11 |    10 ||    30
Dodge: Dodged            |    69 |    61 |    51 ||   181
